 Dungeon Crawl Stone Soup version 0.24.0-29-g8ce449bc06 (webtiles) character file.

Game seed: 9138572428159094643, levelgen mode: deterministic

147 Flugslaktarn the Shield-Bearer (level 5, 0/47 HPs)
             Began as a Minotaur Fighter on Nov 13, 2019.
             Slain by a wyvern (5 damage)
             ... on level 4 of the Dungeon.
             The game lasted 00:00:58 (1415 turns).

Flugslaktarn the Shield-Bearer (Minotaur Fighter)   Turns: 1415, Time: 00:00:58

Health: 0/47       AC:  8    Str: 26    XL:     5   Next: 7%
Magic:  4/4        EV:  7    Int:  5    God:
Gold:   99         SH: 10    Dex: 10    Spells: 4/4 levels left

rFire    . . .     SeeInvis .   a - +0 war axe
rCold    . . .     Gourm    .   c - +0 shield
rNeg     . . .     Faith    .   b - +0 scale mail
rPois    .         Spirit   .   (helmet restricted)
rElec    .         Reflect  .   (no cloak)
rCorr    .         Harm     .   (no gloves)
MR       .....                  h - +0 pair of boots
Stlth    ..........             (no amulet)
HPRegen  0.15/turn              (no ring)
MPRegen  0.09/turn              (no ring)

@: mighty
A: retaliatory headbutt, horns 2
a: no special abilities


You were on level 4 of the Dungeon.
You were not hungry.

You visited 1 branch of the dungeon, and saw 4 of its levels.

You collected 99 gold pieces.

Inventory:

Hand Weapons
 a - a +0 war axe (weapon)
Armour
 b - a +0 scale mail (worn)
 c - a +0 shield (worn)
 h - a +0 pair of boots (worn)
   (You found it on level 2 of the Dungeon)
Jewellery
 k - an uncursed ring of poison resistance {unknown}
   (You found it on level 3 of the Dungeon)
Scrolls
 f - a scroll of immolation {unknown}
 l - 2 scrolls of remove curse {unknown}
 m - a scroll of teleportation {unknown}
 o - a scroll of identify {unknown}
Potions
 g - a potion of mutation {unknown}
 i - 3 potions of flight {unknown}
 j - 2 potions of lignification {unknown}
 n - a potion of agility {unknown}
 p - a potion of ambrosia {unknown}
 q - a potion of curing
 r - 2 potions of degeneration {unknown}
Comestibles
 e - 3 rations
 s - a chunk of flesh


   Skills:
 + Level 4.4 Fighting
 * Level 4.4 Axes
 + Level 4.5 Armour
 + Level 4.5 Shields


You had 4 spell levels left.
You didn't know any spells.
Your spell library was empty.

Dungeon Overview and Level Annotations

Branches:
Dungeon (4/15)
 Temple: D:4-7

Altars:
Nemelex Xobeh


Innate Abilities, Weirdness & Mutations

You reflexively headbutt those who attack you in melee.
You have a pair of horns on your head.


Message History

You are too injured to fight recklessly!
You are too injured to fight recklessly!
The wyvern bites you.
* * * LOW HITPOINT WARNING * * *
You feel better.
The wyvern bites you but does no damage.
The wyvern bites you.
* * * LOW HITPOINT WARNING * * *
You feel very mighty all of a sudden. The wyvern bites you!
* * * LOW HITPOINT WARNING * * *
You slash the wyvern! Your headbutt misses the wyvern.
The wyvern is heavily wounded.
The wyvern bites you but does no damage.
The wyvern bites you.
* * * LOW HITPOINT WARNING * * *
You closely miss the wyvern.
The wyvern is heavily wounded.
The wyvern bites you.
You die...

#.##.# #.##.# #.##.#
#.##.# # #.##.#
....##.##.#######.##
#................%
#....##.##.###...
#.......@ll#
#....#####)# #....#
#.....# #....#
......... #.....
###..###.. ..... ..#
..# ..# ..#


You could see a wyvern and an iguana.

Vanquished Creatures
  An orc priest (D:4)
  Robin (D:3)
  6 adders
  An ooze (D:3)
  A worm (D:3)
  A dart slug (D:3)
  2 leopard geckos (D:3)
  6 orcs
  10 goblins
  A hobgoblin (D:1)
  2 kobolds (D:3)
  2 quokkas (D:3)
  3 bats
  2 frilled lizards
  A leopard gecko skeleton (D:4)
  A rat (D:1)
41 creatures vanquished.

Notes
Turn   | Place    | Note
-------+----------+-------------------------------------------
     0 | D:1      | Flugslaktarn the Minotaur Fighter began the quest for the
                  | Orb.
     0 | D:1      | Reached XP level 1. HP: 19/19 MP: 0/0
   244 | D:2      | Reached XP level 2. HP: 27/27 MP: 1/1
   312 | D:3      | Reached XP level 3. HP: 9/33 MP: 2/2
   749 | D:3      | Noticed Robin
   758 | D:3      | Reached XP level 4. HP: 31/40 MP: 3/3
   764 | D:3      | Killed Robin
   905 | D:3      | Found a sparkling altar of Nemelex Xobeh.
  1230 | D:4      | Reached XP level 5. HP: 31/47 MP: 4/4
  1401 | D:4      | Noticed a wyvern
  1415 | D:4      | Slain by a wyvern

Levels and vault maps discovered:
D:1:      shiori_arrival_oz, layout_basic, chequers_serial_rivers_small_3,
          st_stairs_4, minmay_close_crescents
D:2:      layout_basic, minmay_misc_feat_more_columns
D:3:      layout_rooms, nemelex_altar_shiori, uniq_robin
D:4:      layout_loops_ring, first_ration, serial_shops, nicolae_shop_stone

Skill      XL: |  1  2  3  4 |
---------------+-------------+-----
Axes           | 3 4 |  4.4
Fighting       | 4 |  4.4
Armour         | 4 |  4.5
Shields        | 4 |  4.5

Action                   |  1- 3 |  4- 6 || total
-------------------------+-------+-------++-------
Melee: War axe           |    55 |    51 ||   106
       Headbutt          |     2 |    11 ||    13
  Use: Potion            |     1 |     2 ||     3
  Eat: Chunk             |       |     2 ||     2
Armor: Scale mail        |    43 |    16 ||    59
Dodge: Dodged            |    26 |    15 ||    41
Block: Shield            |    35 |    30 ||    65
